 Dungeon Crawl Stone Soup version 0.32-a0-411-g744942f433 (webtiles) character file.

Game seed: 17349583498914765828

9 ezpacito the Trooper (level 2, 24/24 HPs)
             Began as a Demonspawn Chaos Knight on Feb 20, 2024.
             Was a Plaything of Xom.
             Quit the game on level 1 of the Dungeon.
             The game lasted 00:00:21 (297 turns).

ezpacito the Trooper (Demonspawn Chaos Knight)       Turns: 297, Time: 00:00:21

Health: 24/24      AC:  5    Str: 12    XL:     2   Next: 3%
Magic:  2/2        EV: 11    Int: 12    God:    Xom [..*...]
Gold:   0          SH:  4    Dex: 12    Spells: 1/1 levels left

rFire   . . .        a - +0 hand axe (chaos)
rCold   . . .        (no shield)
rNeg    . . .        b - +2 leather armour
rPois   .            (no helmet)
rElec   .            (no cloak)
rCorr   .            (no gloves)
SInv    .            (no boots)
Will    .....        (no amulet)
Stlth   +            (no ring)
HPRegen 0.24/turn    (no ring)
MPRegen 0.08/turn

%: no passive effects
@: no status effects
A: condensation shield
a: Renounce Religion


You were on level 1 of the Dungeon.
You worshipped Xom.
You were a toy of Xom.
You visited 1 branch of the dungeon, and saw 1 of its levels.

Inventory:

Hand Weapons
 a - a +0 hand axe of chaos (weapon)
Armour
 b - a +2 leather armour (worn)
Scrolls
 c - a scroll of butterflies
 d - a scroll of blinking {unknown}
 e - a scroll of fog {unknown}
 f - a scroll of enchant weapon {unknown}
 g - a scroll of revelation {unknown}


   Skills:
 * Level 3.1 Fighting
 * Level 2.9 Axes
 * Level 1.8 Armour
 * Level 1.0 Dodging
 * Level 0.1 Stealth
 * Level 0.1 Unarmed Combat
 * Level 0.1 Spellcasting


You had one spell level left.
You didn't know any spells.
Your spell library was empty.

Dungeon Overview and Level Annotations

Branches:
Dungeon (1/15)

Altars:


Innate Abilities, Weirdness & Mutations

A meltable shield of frost defends you. (SH +4)


Message History

No target in view!
A ball python comes into view.
The ball python hisses angrily.
You see here a scroll labelled DUUGUN CIRESH.
A ball python is nearby!
A hobgoblin comes into view.
The ball python bites you but does no damage.
The ball python grabs you. The ball python constricts you.
You hit the ball python.
The ball python is moderately wounded.
The ball python bites you but does no damage.
The ball python constricts you.
The ball python bites you but does no damage.
The ball python constricts you.
You hit the ball python.
You feel better.
You kill the ball python!
You hit the hobgoblin.
The hobgoblin is lightly wounded.
The hobgoblin barely misses you.
You completely miss the hobgoblin.
The hobgoblin is lightly wounded.
The hobgoblin closely misses you.
You closely miss the hobgoblin.
The hobgoblin is lightly wounded.
The hobgoblin hits you.
You closely miss the hobgoblin.
The hobgoblin is lightly wounded.
The hobgoblin barely misses you. The hobgoblin hits you.
You hit the hobgoblin.
The hobgoblin is severely wounded.
The hobgoblin hits you.
You hit the hobgoblin. You burn the hobgoblin.
You kill the hobgoblin!
You have reached level 2!
Your demonic ancestry asserts itself...
Frost condenses into a shield before you.
Xom is mildly amused.
HP restored.
g - a scroll labelled DUUGUN CIRESH Are you sure you want to abandon this character and quit the game? (Confirm with "yes".)

. #≈≈≈≈≈≈##'''## ..
§≈§≈≈≈≈≈≈...≈≈ ...
§≈≈§≈≈≈≈≈..P≈≈ ....
§.....≈≈≈..P≈≈ .....######
.....§.....P..
......†...########.........
#......##.#######.###
#...................#
#...@..##.####.......
#......##.# #######.
#......##.# #. #......##.#
## #......##.# #
#......##.# # #......##.#
#......#


There were no monsters in sight!

Vanquished Creatures
  2 ball pythons (D:1)
  An endoplasm (D:1)
  A hobgoblin (D:1)
  A bat (D:1)
5 creatures vanquished.

Notes
Turn   | Place    | Note
-------+----------+-------------------------------------------
     0 | D:1      | ezpacito the Demonspawn Chaos Knight began the quest for
                  | the Orb.
     0 | D:1      | Reached XP level 1. HP: 18/18 MP: 1/1
   120 | D:1      | Reached skill level 1 in Dodging
   126 | D:1      | Found a faded altar of an unknown god.
   258 | D:1      | Gained mutation: A meltable shield of frost defends you.
                  | (SH +4) [demonic ancestry]
   258 | D:1      | Reached XP level 2. HP: 15/24 MP: 2/2
   297 | D:1      | Quit the game

Illustrated notes

Levels and vault maps discovered:
D:1:      dpeg_arrival_water_fire, layout_basic, basic_ecumenical_altar

Skill      XL: |  1 |
---------------+----+-----
Dodging        | 1 |  1.0
Fighting       | |  3.1
Axes           | |  2.9
Armour         | |  1.8
Stealth        | |  0.1
Unarmed Combat | |  0.1
Spellcasting   | |  0.1

Action                     || total
---------------------------++-------
  Melee: Hand axe          ||    13
 Armour: Leather armour    ||     7
  Dodge: Dodged            ||     8

Table legend: (Time is in decaauts)
 A = Elapsed time spent in this place.
 B = Non-inter-level travel time spent in this place.
 C = Inter-level travel time spent in this place.
 D = Time resting spent in this place.
 E = Time spent auto-exploring this place.
 F = Levels seen in this place.
 G = Mean time per level.
                   A        B        C        D        E       F      G
               +--------+--------+--------+--------+--------+-----+--------+
         Total |    299 |    299 |      0 |      0 |    268 |   1 |  299.0 |
       Dungeon |    299 |    299 |      0 |      0 |    268 |   1 |  299.0 |
               +--------+--------+--------+--------+--------+-----+--------+

Top non-repeatable levels by time:
     D:1: 299 daAuts
